 Dungeon Crawl Stone Soup version 0.24-a0-462-ge24419a6ad (console) character file.

Game seed: 15087423546433528927

152 Lexodia the Magician (level 5, -1/40 HPs)
             Began as a Gnoll Wanderer on July 1, 2019.
             Slain by a sky beast (6 damage)
             ... on level 3 of the Dungeon.
             The game lasted 00:06:15 (2245 turns).

Lexodia the Magician (Gnoll Wanderer)               Turns: 2245, Time: 00:06:16

Health: -1/40      AC:  3    Str: 14    XL:     5   Next: 34%
Magic:  0/12       EV: 12    Int: 20    God:
Gold:   75         SH:  0    Dex: 15    Spells: 3/14 levels left

rFire    . . .     SeeInvis .   b - +4 spear
rCold    . . .     Gourm    .   (no shield)
rNeg     . . .     Faith    .   c - +0 robe
rPois    .         Spirit   .   o - +0 helmet
rElec    .         Reflect  .   (no cloak)
rCorr    +         Harm     .   (no gloves)
MR       .....                  (no boots)
Stlth    ++........             (no amulet)
HPRegen  0.13/turn              m - ring of resist corrosion
MPRegen  0.13/turn              (no ring)

@: brilliant, very slightly contaminated
A: distributed training, fangs 1, strong nose
a: no special abilities


You were on level 3 of the Dungeon.
You were not hungry.

You visited 1 branch of the dungeon, and saw 3 of its levels.

You collected 75 gold pieces.

Inventory:

Hand Weapons
 b - a +4 spear (weapon)
 j - a +0 dagger of holy wrath
Missiles
 a - 3 boomerangs of dispersal (quivered)
Armour
 c - a +0 robe (worn)
 o - a +0 helmet (worn)
Jewellery
 m - a ring of resist corrosion (left hand)
Scrolls
 d - 2 scrolls of identify {unknown}
 e - a scroll of remove curse {unknown}
 h - a scroll of noise {unknown}
 i - a scroll of random uselessness {unknown}
 k - a scroll of fear {unknown}
 n - 2 scrolls of teleportation {unknown}
Potions
 l - a potion of brilliance
Comestibles
 f - 4 rations
 g - 8 chunks of flesh


   Skills:
 + Level 2.9 Fighting
 + Level 1.4 Short Blades
 + Level 1.4 Long Blades
 + Level 1.4 Axes
 + Level 1.4 Maces & Flails
 + Level 1.4 Polearms
 + Level 1.4 Staves
 + Level 1.4 Slings
 + Level 1.4 Bows
 + Level 1.4 Crossbows
 + Level 2.9 Throwing
 + Level 4.7 Armour
 + Level 1.4 Dodging
 + Level 1.4 Stealth
 + Level 2.9 Shields
 + Level 1.4 Unarmed Combat
 + Level 5.2 Spellcasting
 + Level 1.1 Conjurations
 + Level 1.1 Hexes
 + Level 1.1 Charms
 + Level 1.1 Summonings
 + Level 3.9 Necromancy
 + Level 2.3 Translocations
 + Level 1.1 Transmutations
 + Level 1.1 Fire Magic
 + Level 1.1 Ice Magic
 + Level 1.1 Air Magic
 + Level 1.1 Earth Magic
 + Level 1.1 Poison Magic
 + Level 1.6 Invocations
 + Level 1.4 Evocations


You had 3 spell levels left.
You knew the following spells:

 Your Spells              Type           Power        Failure   Level  Hunger
a - Pain                  Necr           ####         1%          1    None
b - Blink                 Tloc           N/A          1%          2    None
c - Vampiric Draining     Necr           ####......   1%          3    ##.....
d - Call Imp              Summ           ###.....     1%          2    None
e - Conjure Flame         Conj/Fire      ###.....     2%          3    ##.....

Your spell library contained the following spells:

 Spells                   Type           Power        Failure   Level  Hunger
 Magic Dart               Conj           ###.         1%          1    None
 Slow                     Hex            ###.....     1%          2    None
 Mephitic Cloud           Conj/Pois/Air  ###.....     2%          3    ##.....


Dungeon Overview and Level Annotations

Branches:
Dungeon (3/15)

Altars:


Innate Abilities, Weirdness & Mutations

Your experience applies equally to all skills.
You have very sharp teeth.
Your uncanny sense of smell can sniff out nearby items.


Message History

The sky beast barely misses you.
A hobgoblin comes into view. It is wielding a +0 club.
The hobgoblin shouts!
Casting: Conjure Flame (safe; 2% risk of failure)
Confirm with . or Enter, or press ? or * to list all spells.
You don't have enough magic to cast that spell.
The sky beast flickers out of sight!
Deactivating autopickup; reactivate with Ctrl-A.
The hobgoblin closely misses you.
Casting: Conjure Flame (safe; 2% risk of failure)
Confirm with . or Enter, or press ? or * to list all spells.
Aiming: Vampiric Draining (safe; 1% risk of failure)
Press: ? - help, Shift-Dir - straight line, f - hobgoblin
Aim: a hobgoblin, wielding a +0 club You kill the hobgoblin!
You feel life coursing into your body.
The orc throws a boomerang.
The boomerang misses you.
The weapon returns to the orc!
Something hits you.
* * * LOW HITPOINT WARNING * * *
Something shocks you.
You die...

######### #...#
#....)..###..######
#.#####.o(.........
# #.# #####..#####
#.# #o.# #.# ###
#o## #.###.##...#
#.# #%.....).# #.#
#####.##...# #@#
#.# .## #)# #.# #
##.# #.# .....#
######.###..####.#
...รท>.o.......>..#
.#####.###..######
(# #(# ... .#####)#
#


You could see 2 orcs.

Vanquished Creatures
  A howler monkey (D:2)
  An orc priest (D:3)
  3 adders
  A worm (D:3)
  A dart slug (D:1)
  A leopard gecko (D:2)
  An orc (D:3)
  5 bats
  3 giant cockroaches
  3 goblins
  4 hobgoblins
  5 jackals (D:1)
  10 kobolds
  A quokka (D:3)
  5 frilled lizards
  8 rats
53 creatures vanquished.

Notes
Turn   | Place    | Note
-------+----------+-------------------------------------------
     0 | D:1      | Lexodia the Gnoll Wanderer began the quest for the Orb.
     0 | D:1      | Lexodia set off with the following items: a +0 club, a +0
                  | robe, a ration; and the following spells available to
                  | memorise: Pain, Blink, Vampiric Draining, Magic Dart, Call
                  | Imp, Slow, Conjure Flame, Mephitic Cloud
     0 | D:1      | Reached XP level 1. HP: 17/17 MP: 6/6
     2 | D:1      | Learned a level 1 spell: Pain
    43 | D:1      | Huge Dmg: 8 dmg
   164 | D:1      | Huge Dmg: 3 dmg
   270 | D:1      | Reached XP level 2. HP: 12/23 MP: 5/7
   929 | D:2      | Noticed a howler monkey
   933 | D:2      | Huge Dmg: 5 dmg
   936 | D:2      | Huge Dmg: 6 dmg
   937 | D:2      | Killed a howler monkey
   937 | D:2      | Reached skill level 1 in Short Blades
   937 | D:2      | Reached skill level 1 in Long Blades
   937 | D:2      | Reached skill level 1 in Axes
   937 | D:2      | Reached skill level 1 in Maces & Flails
   937 | D:2      | Reached skill level 1 in Polearms
   937 | D:2      | Reached skill level 1 in Staves
   937 | D:2      | Reached skill level 1 in Slings
   937 | D:2      | Reached skill level 1 in Bows
   937 | D:2      | Reached skill level 1 in Crossbows
   937 | D:2      | Reached skill level 1 in Dodging
   937 | D:2      | Reached skill level 1 in Stealth
   937 | D:2      | Reached skill level 1 in Unarmed Combat
   937 | D:2      | Reached skill level 5 in Spellcasting
   937 | D:2      | Reached skill level 1 in Invocations
   937 | D:2      | Reached skill level 1 in Evocations
   937 | D:2      | Reached XP level 3. HP: 9/28 MP: 0/9
   937 | D:2      | Reached XP level 4. HP: 11/34 MP: 0/11
  1626 | D:2      | Learned a level 2 spell: Blink
  1630 | D:2      | Learned a level 3 spell: Vampiric Draining
  1633 | D:2      | Learned a level 2 spell: Call Imp
  1637 | D:2      | Learned a level 3 spell: Conjure Flame
  1922 | D:2      | Reached skill level 1 in Conjurations
  1922 | D:2      | Reached skill level 1 in Hexes
  1922 | D:2      | Reached skill level 1 in Charms
  1922 | D:2      | Reached skill level 1 in Summonings
  1922 | D:2      | Reached skill level 1 in Transmutations
  1922 | D:2      | Reached skill level 1 in Fire Magic
  1922 | D:2      | Reached skill level 1 in Ice Magic
  1922 | D:2      | Reached skill level 1 in Air Magic
  1922 | D:2      | Reached skill level 1 in Earth Magic
  1922 | D:2      | Reached skill level 1 in Poison Magic
  2092 | D:3      | Huge Dmg: 7 dmg
  2182 | D:3      | Reached XP level 5. HP: 35/40 MP: 12/12
  2193 | D:3      | Huge Dmg: 12 dmg
  2195 | D:3      | Noticed a sky beast
  2234 | D:3      | Huge Dmg: 8 dmg
  2238 | D:3      | Huge Dmg: 11 dmg
  2245 | D:3      | Slain by a sky beast

Levels and vault maps discovered:
D:1:      dpeg_arrival_oval, layout_basic
D:2:      layout_loops_corners, first_ration, grunt_ministairs_8,
          chequers_arboretum, minmay_tromino_v4_a
D:3:      layout_loops_ring, kennysheep_generic_room_8, uniq_terence

Skill      XL: |  1  2  3  4 |
---------------+-------------+-----
Translocations | 2 |  2.3
Short Blades   | 1 |  1.4
Long Blades    | 1 |  1.4
Axes           | 1 |  1.4
Maces & Flails | 1 |  1.4
Polearms       | 1 |  1.4
Staves         | 1 |  1.4
Slings         | 1 |  1.4
Bows           | 1 |  1.4
Crossbows      | 1 |  1.4
Dodging        | 1 |  1.4
Stealth        | 1 |  1.4
Unarmed Combat | 1 |  1.4
Spellcasting   | 5 |  5.2
Invocations    | 1 |  1.6
Evocations     | 1 |  1.4
Conjurations   | 1 |  1.1
Hexes          | 1 |  1.1
Charms         | 1 |  1.1
Summonings     | 1 |  1.1
Transmutations | 1 |  1.1
Fire Magic     | 1 |  1.1
Ice Magic      | 1 |  1.1
Air Magic      | 1 |  1.1
Earth Magic    | 1 |  1.1
Poison Magic   | 1 |  1.1
Fighting       | |  2.9
Throwing       | |  2.9
Armour         | |  4.7
Shields        | |  2.9
Necromancy     | |  3.9

Action                   |  1- 3 |  4- 6 || total
-------------------------+-------+-------++-------
Melee: Spear             |    21 |    51 ||    72
       Bite              |     1 |     2 ||     3
 Cast: Pain              |    30 |    30 ||    60
       Vampiric Draining |       |     3 ||     3
       Call Imp          |       |     1 ||     1
  Use: Potion            |       |     1 ||     1
 Stab: Sleeping          |     1 |     1 ||     2
  Eat: Chunk             |       |     4 ||     4
Armor: Robe              |     2 |     6 ||     8
Dodge: Dodged            |    11 |    36 ||    47

Table legend:
 A = Non-vault XP
 B = Vault XP
 C = Vault XP percentage of total XP
 D = Non-vault monster count
 E = Vault monster count
 F = Vault count percentage of total count
                 A         B        C        D         E       F
            +---------+---------+-------+---------+---------+-------
      Total |     197 |      21 |   9.6 |      46 |       7 |  13.2
            +---------+---------+-------+---------+---------+-------
        D:1 |      32 |       0 |   0.0 |      18 |       0 |   0.0
        D:2 |      86 |      20 |  18.9 |      14 |       6 |  30.0
        D:3 |      79 |       1 |   1.2 |      14 |       1 |   6.7
            +---------+---------+-------+---------+---------+-------
